[Event "RUS-chT Higher League 2021"]
[Site "Sochi"]
[Date "2021.05.09"]
[Round "8.8"]
[White "Kolmagorov, Alexey"]
[Black "Potapov, Alexander"]
[Result "1/2-1/2"]
[ECO "E04"]
[WhiteElo "2129"]
[BlackElo "2424"]
[Annotator "NA"]
[PlyCount "95"]
[EventDate "2021.05.01"]
[EventType "team-tourn"]
[EventCountry "RUS"]
[SourceTitle "playchess.com"]
[Source "ChessBase"]
[SourceQuality "1"]
[TimeControl "40/5400+30:1800+30"]

1. d4 Nf6 2. c4 e6 3. Nf3 d5 4. g3 dxc4 5. Bg2 Nc6 6. Qa4 Bb4+ 7. Bd2 Nd5 8. Qb5 O-O 9. Qxc4 a5 10. O-O Re8 11. Nc3 a4 12. Rfd1 a3 13. b3 Bxc3 14. Bxc3 Nxc3 15. Qxc3 Qd6 16. Ne5 Ne7 17. Rac1 Nd5 18. Qc5 Qxc5 19. Rxc5 f6 20. Nd3 c6 21. e4 Ne7 22. Rc2 Rd8 23. Nb4 Ra5 24. Rcd2 f5 25. f4 fxe4 26. Bxe4 Bd7 27. Nd3 Nf5 28. Nc5 Bc8 29. Kf2 Kf7 30. g4 Ne7 31. Kf3 h5 32. h3 Rh8 33. Kg3 Ke8 34. Re1 b6 35. Nd3 g5 36. Ne5 gxf4+ 37. Kxf4 hxg4 38. hxg4 Bd7 39. Ree2 Nd5+ 40. Bxd5 Rxd5 41. Ke4 Rg8 42. Rh2 Rg7 43. Rh8+ Ke7 44. Ra8 c5 45. Ra7 Ke8 46. Ra8+ Ke7 47. Ra7 Ke8 48. Ra8+ 1/2-1/2

[Event "RUS-chT Higher League 2021"]
[Site "Sochi"]
[Date "2021.05.09"]
[Round "8.9"]
[White "Tekeyev, Zaur"]
[Black "Sveshnikov, Evgeny"]
[Result "1-0"]
[ECO "B30"]
[WhiteElo "2396"]
[BlackElo "2478"]
[Annotator "ChessBase"]
[PlyCount "119"]
[EventDate "2021.05.01"]
[EventType "team-tourn"]
[EventCountry "RUS"]
[SourceTitle "playchess.com"]
[Source "ChessBase"]
[SourceQuality "1"]
[TimeControl "40/5400+30:1800+30"]

1. e4 c5 2. Nf3 Nc6 3. c3 Nf6 4. e5 Nd5 5. Bc4 Nb6 6. Bb3 d5 7. exd6 exd6 8. d4 c4 9. Bc2 Bg4 10. O-O Be7 11. Nbd2 d5 12. Re1 Bh5 13. Nf1 Bg6 14. Ng3 Bxc2 15. Qxc2 O-O 16. Nf5 Re8 17. Bf4 Bf8 18. h4 f6 19. h5 Qd7 20. N3h4 Rxe1+ 21. Rxe1 Re8 22. Be3 Ne7 23. Nxe7+ Rxe7 24. h6 gxh6 25. Nf5 Re8 26. f3 Nc8 27. Kf2 Nd6 28. Ng3 Qf7 29. Qa4 b5 30. Qa5 h5 31. Rh1 Qe6 32. Bd2 h4 33. Rxh4 Nf5 34. Nxf5 Qxf5 35. Qxb5 Re6 36. Rg4+ Kf7 37. Qb7+ Re7 38. Qc6 Re6 39. Qc7+ Re7 40. Qd8 h5 41. Rh4 Rb7 42. Rf4 Qe6 43. Rxf6+ Qxf6 44. Qxd5+ Kg6 45. Qxb7 Qh4+ 46. Ke2 Qh1 47. Qe4+ Kg7 48. Qe5+ Kf7 49. Qf5+ Kg7 50. Qg5+ Kf7 51. Be1 Be7 52. Qf5+ Kg7 53. Qh3 Qg1 54. b3 Bg5 55. f4 Bxf4 56. bxc4 a5 57. a4 Kg6 58. c5 h4 59. Qg4+ Bg5 60. Bd2 1-0

[Event "RUS-chT Higher League 2021"]
[Site "Sochi"]
[Date "2021.05.09"]
[Round "8.10"]
[White "Balashov, Yuri S"]
[Black "Bykov, Egor"]
[Result "1-0"]
[ECO "E29"]
[WhiteElo "2461"]
[BlackElo "2423"]
[Annotator "ChessBase"]
[PlyCount "85"]
[EventDate "2021.05.01"]
[EventType "team-tourn"]
[EventCountry "RUS"]
[SourceTitle "playchess.com"]
[Source "ChessBase"]
[SourceQuality "1"]
[TimeControl "40/5400+30:1800+30"]

1. d4 Nf6 2. c4 e6 3. Nc3 Bb4 4. e3 O-O 5. Bd3 c5 6. a3 Bxc3+ 7. bxc3 Nc6 8. Nf3 d6 9. e4 e5 10. d5 Ne7 11. h3 Ng6 12. g3 Qe7 13. Be3 Ne8 14. Qc2 Rb8 15. Kf1 Bd7 16. a4 Nc7 17. Kg2 a6 18. Nd2 b6 19. h4 f6 20. h5 Nh8 21. Nf3 Rb7 22. Nh4 Rfb8 23. Qe2 Nf7 24. Qf3 Ng5 25. Nf5 Qf8 26. Qg4 Bxf5 27. Qxf5 h6 28. Be2 b5 29. axb5 axb5 30. cxb5 Nxb5 31. Rhc1 Nc7 32. Bg4 Qe8 33. Ra5 Nf7 34. Rca1 Nb5 35. Bd2 Nd8 36. Ra8 Qe7 37. Qg6 Qf7 38. R1a6 Qxg6 39. hxg6 Kf8 40. c4 Nd4 41. Ba5 Ke7 42. Rxb8 Rxb8 43. Bc7 1-0

[Event "RUS-chT Higher League 2021"]
[Site "Sochi"]
[Date "2021.05.09"]
[Round "8.11"]
[White "Utnasunov, Alexander"]
[Black "Kalegin, Evgenij"]
[Result "1/2-1/2"]
[ECO "E80"]
[WhiteElo "2442"]
[BlackElo "2414"]
[Annotator "NA"]
[PlyCount "105"]
[EventDate "2021.05.01"]
[EventType "team-tourn"]
[EventCountry "RUS"]
[SourceTitle "playchess.com"]
[Source "ChessBase"]
[SourceQuality "1"]
[TimeControl "40/5400+30:1800+30"]

1. d4 Nf6 2. c4 g6 3. Nc3 Bg7 4. e4 d6 5. f3 c6 6. Be3 a6 7. a4 a5 8. Bd3 Na6 9. Rc1 O-O 10. Nge2 e5 11. d5 Nd7 12. O-O Ndc5 13. Bb1 Qb6 14. dxc6 bxc6 15. Qxd6 Rb8 16. Rfd1 Re8 17. Ba2 Bf8 18. Qf6 Nb4 19. Bb1 Qc7 20. Nd5 cxd5 21. cxd5 Nd7 22. Qxf7+ Kxf7 23. Rxc7 Na6 24. Ra7 Bc5 25. Bxc5 Naxc5 26. Ba2 Nxa4 27. Rxa5 Rxb2 28. Rxa4 Rxe2 29. Ra7 Rb2 30. Rc1 Rb7 31. d6+ Kf6 32. Rxb7 Bxb7 33. Rc7 Bc8 34. h4 g5 35. h5 g4 36. fxg4 Rd8 37. Kf2 Ba6 38. Kg3 Bb5 39. Kh4 h6 40. Bd5 Rb8 41. Rc2 Rb6 42. Rf2+ Kg7 43. g5 hxg5+ 44. Kxg5 Rxd6 45. g4 Bd3 46. h6+ Kh8 47. Rf3 Be2 48. Rf7 Bd1 49. Kf5 Rf6+ 50. Rxf6 Bxg4+ 51. Kxg4 Nxf6+ 52. Kf5 Nxe4 53. Kxe4 1/2-1/2

[Event "RUS-chT Higher League 2021"]
[Site "Sochi"]
[Date "2021.05.09"]
[Round "8.12"]
[White "Zhelnin, Vladimir V"]
[Black "Nechaev, Oleg"]
[Result "1/2-1/2"]
[ECO "B30"]
[WhiteElo "2408"]
[BlackElo "2368"]
[Annotator "NA"]
[PlyCount "59"]
[EventDate "2021.05.01"]
[EventType "team-tourn"]
[EventCountry "RUS"]
[SourceTitle "playchess.com"]
[Source "ChessBase"]
[SourceQuality "1"]
[TimeControl "40/5400+30:1800+30"]

1. e4 c5 2. Nf3 Nc6 3. Nc3 e5 4. Bc4 g6 5. d3 h6 6. a3 d6 7. Nd2 Bg7 8. Nf1 Nge7 9. Ne3 O-O 10. O-O Rb8 11. Ncd5 Kh7 12. c3 b5 13. Ba2 Nxd5 14. Nxd5 Ne7 15. Be3 Be6 16. Nxe7 Qxe7 17. Bxe6 Qxe6 18. Qd2 f5 19. exf5 gxf5 20. f4 Qd5 21. fxe5 dxe5 22. b4 c4 23. Bxa7 Rbd8 24. d4 exd4 25. Bxd4 Bxd4+ 26. cxd4 Qxd4+ 27. Qxd4 Rxd4 28. a4 c3 29. axb5 Rxb4 30. Ra7+ 1/2-1/2

[Event "RUS-chT Higher League 2021"]
[Site "Sochi"]
[Date "2021.05.10"]
[Round "9.2"]
[White "Grebnev, Aleksey"]
[Black "Shomoev, Anton"]
[Result "1/2-1/2"]
[ECO "B23"]
[WhiteElo "2283"]
[BlackElo "2563"]
[Annotator "ChessBase"]
[PlyCount "40"]
[EventDate "2021.05.01"]
[EventType "team-tourn"]
[EventCountry "RUS"]
[SourceTitle "playchess.com"]
[Source "ChessBase"]
[SourceQuality "1"]
[TimeControl "40/5400+30:1800+30"]

1. e4 c5 2. Nc3 d6 3. d4 cxd4 4. Qxd4 Nc6 5. Qd2 g6 6. b3 Bh6 7. f4 Nf6 8. Bb2 e5 9. g3 O-O 10. O-O-O Re8 11. Kb1 Nd4 12. Nge2 Bg4 13. Nxd4 exd4 14. Qxd4 Bxd1 15. Nxd1 Bg7 16. Nf2 Nh5 17. Qd2 Bxb2 18. Kxb2 Qb6 19. Bg2 Nf6 20. Rd1 Rad8 1/2-1/2

[Event "RUS-chT Higher League 2021"]
[Site "Sochi"]
[Date "2021.05.10"]
[Round "9.3"]
[White "Drygalov, Andrey"]
[Black "Sharikov, Alexander"]
[Result "1-0"]
[ECO "E16"]
[WhiteElo "2500"]
[BlackElo "2132"]
[Annotator "ChessBase"]
[PlyCount "84"]
[EventDate "2021.05.01"]
[EventType "team-tourn"]
[EventCountry "RUS"]
[SourceTitle "playchess.com"]
[Source "ChessBase"]
[SourceQuality "1"]
[TimeControl "40/5400+30:1800+30"]

1. Nf3 Nf6 2. c4 e6 3. d4 Bb4+ 4. Bd2 Qe7 5. g3 Nc6 6. Nc3 O-O 7. Rc1 Bxc3 8. Bxc3 Ne4 9. Bg2 d6 10. d5 Nd8 11. O-O f5 12. dxe6 Nxe6 13. e3 Bd7 14. Nd4 Nxc3 15. Rxc3 Nc5 16. Rc1 a5 17. b3 Kh8 18. Qc2 Qe5 19. Rfd1 Rf7 20. Qc3 Qe7 21. Re1 Rff8 22. Qc2 Rf7 23. a3 g6 24. b4 axb4 25. axb4 Ne4 26. c5 dxc5 27. bxc5 Bc8 28. c6 bxc6 29. Nxc6 Qf6 30. f3 Nd6 31. e4 fxe4 32. fxe4 Qg7 33. e5 Bf5 34. Qb3 Ne8 35. Rcd1 Rd7 36. Rxd7 Qxd7 37. Ne7 Qxe7 38. Bxa8 c6 39. Qb6 Nc7 40. Bxc6 Ne6 41. Bd5 Qd7 42. Bg2 h5 1-0

[Event "RUS-chT Higher League 2021"]
[Site "Sochi"]
[Date "2021.05.10"]
[Round "9.4"]
[White "Bobkov, Vadim"]
[Black "Radzhabov, Rodion"]
[Result "1/2-1/2"]
[ECO "E11"]
[WhiteElo "2265"]
[BlackElo "2352"]
[Annotator "NA"]
[PlyCount "56"]
[EventDate "2021.05.01"]
[EventType "team-tourn"]
[EventCountry "RUS"]
[SourceTitle "playchess.com"]
[Source "ChessBase"]
[SourceQuality "1"]
[TimeControl "40/5400+30:1800+30"]

1. d4 Nf6 2. c4 e6 3. Nf3 Bb4+ 4. Bd2 Bxd2+ 5. Qxd2 d5 6. Nc3 O-O 7. Rc1 Qe7 8. e3 Rd8 9. cxd5 exd5 10. Bd3 Nc6 11. h3 Ne4 12. Qe2 Bf5 13. O-O a6 14. Nd2 Nxd2 15. Qxd2 Bxd3 16. Qxd3 Na7 17. Rb1 c6 18. b4 Nb5 19. a4 Nd6 20. b5 axb5 21. axb5 g6 22. Rfc1 Nc4 23. Ra1 Ra3 24. bxc6 bxc6 25. e4 Qg5 26. Re1 Rxa1 27. Rxa1 Qd2 28. Qxd2 Nxd2 1/2-1/2

[Event "RUS-chT Higher League 2021"]
[Site "Sochi"]
[Date "2021.05.10"]
[Round "9.5"]
[White "Kezin, Roman"]
[Black "Bryakin, Mikhail"]
[Result "1/2-1/2"]
[ECO "A05"]
[WhiteElo "2472"]
[BlackElo "2467"]
[Annotator "ChessBase"]
[PlyCount "99"]
[EventDate "2021.05.01"]
[EventType "team-tourn"]
[EventCountry "RUS"]
[SourceTitle "playchess.com"]
[Source "ChessBase"]
[SourceQuality "1"]
[TimeControl "40/5400+30:1800+30"]

1. Nf3 Nf6 2. c4 e6 3. Nc3 d5 4. d4 dxc4 5. Bg5 a6 6. e3 b5 7. a4 c6 8. axb5 cxb5 9. Nxb5 axb5 10. Rxa8 Bb7 11. Ra1 Bb4+ 12. Nd2 e5 13. Be2 exd4 14. O-O Bxd2 15. Qxd2 Ne4 16. Bxd8 Nxd2 17. Rfd1 Kxd8 18. Rxd2 d3 19. b3 Kc7 20. bxc4 bxc4 21. Bxd3 cxd3 22. Rxd3 Nc6 23. f3 Rb8 24. Rad1 Bc8 25. R1d2 Be6 26. Rc3 Rb3 27. Rxb3 Bxb3 28. Kf2 Ne5 29. e4 Nd7 30. Ke3 Kd8 31. f4 f6 32. Rb2 Be6 33. Kd4 Ke7 34. Rb7 Kd6 35. Ra7 Ke7 36. Ra8 h6 37. Ra7 Kd6 38. Ra6+ Ke7 39. Ra8 Bf7 40. Ra5 Be6 41. h3 g5 42. Ke3 gxf4+ 43. Kxf4 Ne5 44. Ra7+ Bd7 45. g4 Kf7 46. Ra8 Kg6 47. Ra7 Kf7 48. Kg3 Kg6 49. Rc7 Kf7 50. Ra7 1/2-1/2

[Event "RUS-chT Higher League 2021"]
[Site "Sochi"]
[Date "2021.05.10"]
[Round "9.6"]
[White "Yeletsky, Ivan"]
[Black "Obgolts, Erik"]
[Result "1/2-1/2"]
[ECO "E94"]
[WhiteElo "2448"]
[BlackElo "2414"]
[Annotator "NA"]
[PlyCount "84"]
[EventDate "2021.05.01"]
[EventType "team-tourn"]
[EventCountry "RUS"]
[SourceTitle "playchess.com"]
[Source "ChessBase"]
[SourceQuality "1"]
[TimeControl "40/5400+30:1800+30"]

1. d4 Nf6 2. c4 g6 3. Nc3 Bg7 4. e4 d6 5. Nf3 O-O 6. Be2 e5 7. O-O Bg4 8. d5 a5 9. Be3 Na6 10. Nd2 Bd7 11. a3 h5 12. h3 Nh7 13. Rb1 Nc5 14. b4 axb4 15. axb4 Na4 16. Nxa4 Bxa4 17. Qc1 f5 18. exf5 gxf5 19. f4 Qe8 20. fxe5 Qxe5 21. Nf3 Qe4 22. Bd1 Bxd1 23. Rxd1 Ra2 24. Re1 Rc2 25. Qd1 Bc3 26. Nd2 Bxd2 27. Bxd2 Qd4+ 28. Be3 Qxd1 29. Rbxd1 f4 30. Rc1 Ra2 31. Bf2 f3 32. Rc3 Ng5 33. h4 fxg2 34. Rg3 Rfxf2 35. Rxg5+ Kf7 36. Rxh5 Rf4 37. Rh7+ Kg6 38. Rxc7 Rxh4 39. Re6+ Kf5 40. Rf7+ Kg5 41. Rg7+ Kf5 42. Rf7+ Kg5 1/2-1/2

[Event "RUS-chT Higher League 2021"]
[Site "Sochi"]
[Date "2021.05.10"]
[Round "9.7"]
[White "Ovod, Evgenija"]
[Black "Smirnov, Timofey"]
[Result "1/2-1/2"]
[ECO "B22"]
[WhiteElo "2341"]
[BlackElo "2415"]
[Annotator "NA"]
[PlyCount "86"]
[EventDate "2021.05.01"]
[EventType "team-tourn"]
[EventCountry "RUS"]
[SourceTitle "playchess.com"]
[Source "ChessBase"]
[SourceQuality "1"]
[TimeControl "40/5400+30:1800+30"]

1. e4 c5 2. c3 d5 3. exd5 Qxd5 4. d4 Nc6 5. Nf3 Bg4 6. Be2 e6 7. O-O Nf6 8. Be3 cxd4 9. cxd4 Be7 10. Nc3 Qd6 11. h3 Bh5 12. Qd2 O-O 13. Bf4 Qd8 14. Rad1 Nd5 15. Ne5 Bxe2 16. Nxe2 Rc8 17. a3 Bd6 18. Bg3 Bxe5 19. dxe5 Qa5 20. Nf4 Nxf4 21. Bxf4 Qb5 22. Qe3 Rfd8 23. b4 a6 24. Bg3 Rd5 25. Rxd5 Qxd5 26. Rc1 h6 27. f4 Rd8 28. Bf2 Qa2 29. Qg3 Qd2 30. Rc3 Qd1+ 31. Kh2 Qb1 32. Qf3 Rd1 33. g4 Rd2 34. Kg3 Nd4 35. Bxd4 Rxd4 36. Qe3 Rd1 37. Kh4 Re1 38. Qd3 Qxd3 39. Rxd3 g6 40. g5 hxg5+ 41. Kxg5 Kg7 42. Rd7 Ra1 43. Rxb7 Rxa3 1/2-1/2

[Event "RUS-chT Higher League 2021"]
[Site "Sochi"]
[Date "2021.05.10"]
[Round "9.8"]
[White "Klukin, Kirill"]
[Black "Kolmagorov, Alexey"]
[Result "1-0"]
[ECO "A15"]
[WhiteElo "2330"]
[BlackElo "2129"]
[Annotator "NA"]
[PlyCount "79"]
[EventDate "2021.05.01"]
[EventType "team-tourn"]
[EventCountry "RUS"]
[SourceTitle "playchess.com"]
[Source "ChessBase"]
[SourceQuality "1"]
[TimeControl "40/5400+30:1800+30"]

1. c4 Nf6 2. Nf3 c5 3. b3 g6 4. Bb2 Bg7 5. e4 d6 6. d3 Nc6 7. Nc3 O-O 8. Be2 a6 9. O-O Ne8 10. Qd2 Nc7 11. Nd5 Bxb2 12. Qxb2 Ne6 13. b4 Ncd4 14. bxc5 dxc5 15. a4 Bd7 16. Ne5 Bc6 17. f4 Qd6 18. g3 Nxe2+ 19. Qxe2 Nd4 20. Qg2 Bxd5 21. cxd5 b5 22. h4 f6 23. Ng4 c4 24. dxc4 bxc4 25. Rad1 Nb3 26. Kh2 Qc5 27. d6 exd6 28. e5 fxe5 29. fxe5 d5 30. Nf6+ Kh8 31. Rxd5 Qc6 32. Rd7 Qxg2+ 33. Kxg2 Rxf6 34. Rxf6 Rc8 35. Rfd6 Nc5 36. Rd8+ Rxd8 37. Rxd8+ Kg7 38. Rc8 Nxa4 39. Rxc4 Nb2 40. Rc7+ 1-0

[Event "RUS-chT Higher League 2021"]
[Site "Sochi"]
[Date "2021.05.10"]
[Round "9.10"]
[White "Pridorozhni, Aleksei"]
[Black "Yudin, Sergei"]
[Result "1-0"]
[ECO "B00"]
[WhiteElo "2555"]
[BlackElo "2484"]
[Annotator "ChessBase"]
[PlyCount "65"]
[EventDate "2021.05.01"]
[EventType "team-tourn"]
[EventCountry "RUS"]
[SourceTitle "playchess.com"]
[Source "ChessBase"]
[SourceQuality "1"]
[TimeControl "40/5400+30:1800+30"]

1. e4 d6 2. d4 Nf6 3. f3 e5 4. d5 Be7 5. Be3 Nh5 6. Qd2 h6 7. Ne2 Bg5 8. g3 Bxe3 9. Qxe3 Qg5 10. Qf2 O-O 11. h4 Qe7 12. g4 Nf4 13. Nxf4 exf4 14. Nc3 Qe5 15. O-O-O Nd7 16. Qh2 Nc5 17. h5 b5 18. Bxb5 Rb8 19. Qd2 Bd7 20. Bxd7 Nxd7 21. Qd4 Qxd4 22. Rxd4 Ne5 23. Rf1 g6 24. Ne2 f5 25. exf5 gxf5 26. Rxf4 fxg4 27. fxg4 Rxf4 28. Rxf4 Rf8 29. Ra4 Rf2 30. Ng3 a5 31. b3 Kh7 32. Rxa5 Nxg4 33. Ra7 1-0

[Event "RUS-chT Higher League 2021"]
[Site "Sochi"]
[Date "2021.05.10"]
[Round "9.11"]
[White "Pogromsky, Mikhail"]
[Black "Ulybin, Mikhail"]
[Result "0-1"]
[ECO "A30"]
[WhiteElo "2422"]
[BlackElo "2462"]
[Annotator "ChessBase"]
[PlyCount "70"]
[EventDate "2021.05.01"]
[EventType "team-tourn"]
[EventCountry "RUS"]
[SourceTitle "playchess.com"]
[Source "ChessBase"]
[SourceQuality "1"]
[TimeControl "40/5400+30:1800+30"]

1. c4 c5 2. Nc3 Nf6 3. Nf3 e6 4. g3 b6 5. Bg2 Bb7 6. O-O Be7 7. Re1 d5 8. cxd5 exd5 9. d4 O-O 10. b3 Ne4 11. Bb2 Bf6 12. Nxe4 dxe4 13. Nd2 Qe7 14. e3 Na6 15. a3 Rfe8 16. Qe2 Rad8 17. Nxe4 Bxe4 18. Bxe4 Qxe4 19. Qxa6 h5 20. Qe2 cxd4 21. Qxh5 Rd5 22. Qh3 Rf5 23. Qg2 dxe3 24. f3 Rxf3 25. Bxf6 gxf6 26. Re2 Re5 27. Rd1 Kg7 28. Rf1 Ref5 29. Rxf3 Rxf3 30. Re1 f5 31. Qb2+ f6 32. Qg2 a5 33. a4 Kg6 34. h3 Kf7 35. Re2 f4 0-1

[Event "RUS-chT Higher League 2021"]
[Site "Sochi"]
[Date "2021.05.10"]
[Round "9.12"]
[White "Pingin, Artem"]
[Black "Matveev, Vladimir"]
[Result "1/2-1/2"]
[ECO "B53"]
[WhiteElo "2347"]
[BlackElo "2368"]
[Annotator "NA"]
[PlyCount "75"]
[EventDate "2021.05.01"]
[EventType "team-tourn"]
[EventCountry "RUS"]
[SourceTitle "playchess.com"]
[Source "ChessBase"]
[SourceQuality "1"]
[TimeControl "40/5400+30:1800+30"]

1. e4 c5 2. Nf3 d6 3. d4 cxd4 4. Qxd4 e5 5. Bb5+ Nd7 6. Qd3 a6 7. Bc4 Nc5 8. Qe2 h6 9. a4 Nf6 10. Nc3 Be6 11. Bxe6 fxe6 12. O-O Be7 13. Be3 Rc8 14. Rfd1 Ncd7 15. Nh4 Nf8 16. f4 exf4 17. Bxf4 Qb6+ 18. Kh1 Qxb2 19. e5 dxe5 20. Bxe5 Rxc3 21. Qe1 Nd5 22. Nf5 Bf6 23. Rxd5 Bxe5 24. Rxe5 Rc6 25. Nxg7+ Kd7 26. Rb1 Qc3 27. Qe4 Kc8 28. Nxe6 Nd7 29. Rf5 Re8 30. Rf3 Qxc2 31. Qxc2 Rxc2 32. Nd4 Rc4 33. Nf5 Re6 34. a5 Rc5 35. Nd4 Rf6 36. Nb3 Rcf5 37. Rc3+ Kd8 38. h3 1/2-1/2